 Dungeon Crawl Stone Soup version 0.30-a0-738-g116ff8c4af (webtiles) character file.

Game seed: 13337561608042582249

17598 kiwi3s the Severer (level 12, -2/112 HPs)
             Began as a Minotaur Berserker on Feb 3, 2023.
             Was an Elder of Trog.
             Slain by a vampire (7 damage)
             ... on level 12 of the Dungeon.
             The game lasted 00:14:18 (12652 turns).

kiwi3s the Severer (Minotaur Berserker)            Turns: 12652, Time: 00:14:18

Health: -2/112     AC: 13    Str: 33    XL:     12   Next: 20%
Magic:  11/11      EV: 13    Int:  4    God:    Trog [****..]
Gold:   534        SH:  0    Dex: 10    Spells: 11/11 levels left

rFire   + . .      SeeInvis .    I - +2 hand axe (venom)
rCold   . . .      Faith    .    (no shield)
rNeg    . . .      Spirit   .    y - +0 scale mail {rF+}
rPois   .          Reflect  .    T - +2 hat {Stlth+}
rElec   .          Harm     .    q - +0 cloak
rCorr   .          Rampage  .    (no gloves)
Will    .....                    (no boots)
Stlth   +                        B - amulet of the acrobat
HPRegen 0.38/turn                M - +6 ring of strength
MPRegen 0.12/turn                (no ring)

@: about to teleport
A: horns 2, retaliatory headbutt
a: Renounce Religion, Berserk, Trog's Hand, Brothers in Arms


You were on level 12 of the Dungeon.
You worshipped Trog.
Trog was greatly pleased with you.
You visited 1 branch of the dungeon, and saw 12 of its levels.

You collected 534 gold pieces.

Inventory:

Hand Weapons
 I - a +2 hand axe of venom (weapon)
 Q - a +3 demon trident
Missiles
 S - 4 javelins (quivered)
Armour
 q - a +0 cloak (worn)
 y - a +0 scale mail of fire resistance (worn)
 T - a +2 hat of stealth (worn)
Jewellery
 g - a ring of protection from fire
 z - a ring of protection from cold
 B - an amulet of the acrobat (around neck)
 M - a +6 ring of strength (left hand)
Wands
 v - a wand of digging (5)
Scrolls
 d - 10 scrolls of teleportation
 f - 3 scrolls of enchant weapon
 j - 2 scrolls of blinking
 m - a scroll of silence {unknown}
 s - a scroll of immolation {unknown}
 A - 3 scrolls of magic mapping
 D - 3 scrolls of poison
 G - 2 scrolls of fog {unknown}
 J - a scroll of torment {unknown}
Potions
 c - 5 potions of curing
 h - 6 potions of lignification
 n - 3 potions of flight {unknown}
 o - 2 potions of heal wounds
 p - a potion of haste {unknown}
 r - 4 potions of might {unknown}
 C - a potion of brilliance {unknown}
 E - a potion of invisibility {unknown}
 H - a potion of cancellation {unknown}
 O - 2 potions of berserk rage {unknown}
Miscellaneous
 U - a piece from Xom's chessboard (15/15)


   Skills:
 + Level 12.1 Fighting
 + Level 15.0 Axes
 + Level 13.4 Armour
 + Level 7.1 Dodging
 - Level 0.2 Stealth


You had 11 spell levels left.
You didn't know any spells.
Your spell library was empty.

Dungeon Overview and Level Annotations

Branches:
Dungeon (12/15)            Temple (0/1) D:7            Lair (0/5) D:11
    Orc (0/2) D:10

Altars:
Dithmenos
Elyvilon
Hepliaklqana
Nemelex Xobeh
Vehumet
The Shining One

Shops:
D:10 :


Innate Abilities, Weirdness & Mutations

You have a pair of horns on your head.
You reflexively headbutt those who attack you in melee.


Message History

The yak misses you.
You are too injured to fight recklessly!
Unknown command.
You miss something. You barely miss the yak. You hit the yak but do no damage.
The yak looks as sick as possible!
The yak barely misses you. You furiously retaliate!
You headbutt the yak. Something hits you.
Something bites you but does no damage. The yak gores you.
You miss something. Your headbutt misses something. You hit the yak.
The yak looks as sick as possible!
You barely miss the yak.
You are too injured to fight recklessly!
Unknown command.
You closely miss something. Your headbutt misses something. You slash the yak!
The yak looks as sick as possible!
You barely miss the yak. The yak gores you!
* * * LOW HITPOINT WARNING * * *
Something hits you but does no damage. Something bites you!
* * * LOW HITPOINT WARNING * * *
Something draws strength from your injuries!
The yak gores you.
* * * LOW HITPOINT WARNING * * *
You are too injured to fight recklessly!
Unknown command.
You feel much better. Something hits you.
* * * LOW HITPOINT WARNING * * *
Something bites you!
* * * LOW HITPOINT WARNING * * *
Something draws strength from your injuries!
The yak gores you.
* * * LOW HITPOINT WARNING * * *
The yak gores you.
* * * LOW HITPOINT WARNING * * *
As you read the scroll of teleportation, it crumbles to dust.
You feel strangely unstable.
You kill the yak!
Trog accepts your kill. The yak gores you!
* * * LOW HITPOINT WARNING * * *
Something hits you.
* * * LOW HITPOINT WARNING * * *
Something bites you!
You die...

.# ...##
#.###....#
#.........
#.........
####.......
###....Y...
......{Y.#
......†@#
######..#
#).# # #..#
########
##.##
.......##
##.##
.####...#
##.## #
##..####.##
##
###...#..##


You could see 2 yaks.

Vanquished Creatures
  Gastronok (D:11)
  A boulder beetle (D:12)
  3 two-headed ogres
  3 death yaks (D:11)
  Urug (D:11)
  Pikel (D:4)
  2 deep elf pyromancers (D:11)
  2 deep elf zephyrmancers (D:11)
  A manticore (D:12)
  2 ugly things
  2 unseen horrors (D:10)
  2 kobold demonologists (D:9)
  A troll (D:10)
  A hornet (D:8)
  11 yaks
  A wraith (D:9)
  A basilisk (D:12)
  3 wyverns
  2 steam dragons
  2 water moccasins
  2 orc warriors
  A sky beast (D:8)
  A black bear (D:5)
  2 ogres
  6 centaurs
  3 lemures (D:4)
  2 bullfrogs
  4 kobold brigands
  3 necrophages
  A gnoll sergeant (D:7)
  A scorpion (D:7)
  8 wights (D:9)
  6 killer bees (D:9)
  4 howler monkeys
  A jelly (D:6)
  3 hounds
  6 orc priests
  8 iguanas
  Ijyb (D:4)
  5 orc wizards
  8 gnolls
  10 adders
  3 river rats (D:11)
  A shadow imp (D:6)
  3 white imps
  2 ufetubi (D:5)
  2 dart slugs
  32 orcs
  4 ball pythons
  8 endoplasms
  5 giant cockroaches
  13 hobgoblins
  11 jackals
  7 kobolds
  6 quokkas
  5 bats
  4 frilled lizards
  14 goblins
  10 rats
259 creatures vanquished.

Vanquished Creatures (collateral kills)
  A two-headed ogre (D:11)
  A cyclops (D:11)
2 creatures vanquished.

Grand Total: 261 creatures vanquished

Notes
Turn   | Place    | Note
-------+----------+-------------------------------------------
     0 | D:1      | kiwi3s the Minotaur Berserker began the quest for the Orb.
     0 | D:1      | Reached XP level 1. HP: 19/19 MP: 0/0
   157 | D:1      | Reached XP level 2. HP: 23/27 MP: 1/1
   164 | D:1      | Reached skill level 4 in Axes
   464 | D:1      | Reached ** piety under Trog
   485 | D:1      | Reached XP level 3. HP: 29/33 MP: 2/2
  1216 | D:2      | Reached XP level 4. HP: 41/41 MP: 3/3
  1452 | D:2      | Reached skill level 5 in Axes
  1515 | D:2      | Found a faded altar of an unknown god.
  1634 | D:3      | Reached *** piety under Trog
  2129 | D:3      | Reached XP level 5. HP: 47/47 MP: 4/4
  2516 | D:4      | Noticed Ijyb
  2516 | D:4      | Noticed a centaur
  2520 | D:4      | Killed a centaur
  2521 | D:4      | Reached skill level 5 in Fighting
  2521 | D:4      | Reached skill level 6 in Axes
  2528 | D:4      | Killed Ijyb
  2529 | D:4      | Reached XP level 6. HP: 31/56 MP: 5/5
  2590 | D:4      | Reached skill level 7 in Axes
  2704 | D:3      | Found a shadowy altar of Dithmenos.
  2704 | D:3      | Found a radiant altar of Vehumet.
  3206 | D:4      | Noticed Pikel
  3226 | D:4      | Killed Pikel
  3227 | D:4      | Reached skill level 8 in Axes
  3227 | D:4      | Reached skill level 5 in Armour
  3227 | D:4      | Reached XP level 7. HP: 10/62 MP: 6/6
  3853 | D:5      | Entered Level 5 of the Dungeon
  3887 | D:5      | Reached XP level 8. HP: 70/70 MP: 7/7
  4035 | D:5      | Reached **** piety under Trog
  4392 | D:5      | Found a glowing golden altar of the Shining One.
  4687 | D:6      | Reached skill level 9 in Axes
  5155 | D:6      | Found a sparkling altar of Nemelex Xobeh.
  5404 | D:7      | Found a white marble altar of Elyvilon.
  5439 | D:7      | Identified the +7 dagger of the Ecumenical Temple {pain,
                  | MP+9}
  5574 | D:7      | Reached skill level 10 in Axes
  5627 | D:7      | Found a staircase to the Ecumenical Temple.
  5733 | D:7      | Reached XP level 9. HP: 76/79 MP: 8/8
  6880 | D:8      | Reached skill level 5 in Dodging
  7109 | D:8      | Reached skill level 11 in Axes
  7674 | D:9      | Noticed a kobold demonologist
  7683 | D:9      | Noticed a kobold demonologist
  7684 | D:9      | Noticed a sun demon
  7692 | D:9      | Noticed a hellwing
  7695 | D:9      | Killed a kobold demonologist
  7696 | D:9      | Reached XP level 10. HP: 90/90 MP: 9/9
  7703 | D:9      | Noticed a soul eater
  7873 | D:9      | Reached skill level 12 in Axes
  8150 | D:9      | Reached skill level 10 in Armour
  8450 | D:9      | Noticed a two-headed ogre
  8464 | D:9      | Killed a two-headed ogre
  8760 | D:9      | Reached skill level 13 in Axes
  9023 | D:9      | Found a hazy altar of Hepliaklqana.
  9281 | D:10     | Entered Level 10 of the Dungeon
  9360 | D:10     | Reached skill level 10 in Fighting
  9608 | D:10     | Found a staircase to the Orcish Mines.
 10101 | D:10     | Noticed a two-headed ogre
 10108 | D:10     | Killed a two-headed ogre
 10109 | D:10     | Reached XP level 11. HP: 57/100 MP: 10/10
 10329 | D:10     | Found Tedido's Book Shoppe.
 10403 | D:10     | Noticed a two-headed ogre
 10410 | D:10     | Killed a two-headed ogre
 10838 | D:11     | Noticed a deep elf zephyrmancer
 10839 | D:11     | Noticed a deep elf pyromancer
 10843 | D:11     | Noticed a deep elf zephyrmancer
 10853 | D:11     | Killed a deep elf pyromancer
 11025 | D:11     | Killed a deep elf zephyrmancer
 11028 | D:11     | Killed a deep elf zephyrmancer
 11172 | D:11     | Noticed a death yak
 11173 | D:11     | Noticed Gastronok
 11174 | D:11     | Found a staircase to the Lair.
 11174 | D:11     | Noticed a death yak
 11182 | D:11     | Noticed a death yak
 11215 | D:11     | Noticed a two-headed ogre
 11231 | D:11     | Killed a two-headed ogre
 11233 | D:11     | Killed Gastronok
 11234 | D:11     | Reached skill level 14 in Axes
 11551 | D:11     | Noticed Urug
 11565 | D:11     | Killed Urug
 11761 | D:11     | Killed a death yak
 11765 | D:11     | Killed a death yak
 11769 | D:11     | Killed a death yak
 12049 | D:11     | Noticed a red ugly thing
 12062 | D:11     | Killed a red ugly thing
 12063 | D:11     | Reached XP level 12. HP: 70/110 MP: 11/11
 12383 | D:12     | Noticed a boulder beetle
 12393 | D:12     | Killed a boulder beetle
 12636 | D:12     | Reached skill level 15 in Axes
 12652 | D:12     | HP: 5/112 [something (6)]
 12652 | D:12     | Slain by a vampire

Illustrated notes

Levels and vault maps discovered:
D:1:      dpeg_arrival_stone_temple_mockup, layout_loops_ring,
          minmay_nonomino_d4
D:2:      layout_basic, shapermc_ecumenical_altar_mp_vishouse
D:3:      cheibrodos_helix_gallery, layout_loops_ring,
          nicolae_overflow_hidden_temple
D:4:      layout_cave_pools, uniq_pikel, uniq_ijyb
D:5:      layout_basic, mainiacjoe_overflow_boulevard
D:6:      layout_rooms, nemelex_altar_shiori, serial_glass, glass_columns_a,
          glass_columns_c, item_on_display_a, feat_on_display,
          due_unseen_surprise, minmay_strange_pillars, nrook_loot_triangle
D:7:      layout_basic, mainiacjoe_overflow_surrounded_room,
          minmay_temple_entry_mist, minmay_misc_feat_rows
D:8:      layout_loops_ring
D:9:      layout_loops_corners, worldfamousw_hep_ancestral_shrine
D:10:     layout_stronghold, orc_0_dummy, serial_shops, nicolae_shop_stone
D:11:     layout_roguey, dpeg_lair_monsters, bh_hangedman_babel_library,
          uniq_gastronok, uniq_urug
D:12:     layout_layer_cave

Skill      XL: |  1  2  3  4  5  6  7  8  9 10 11 12 |
---------------+-------------------------------------+-----
Fighting       | 4 5 6 7 8 10 11 12 | 12.1
Axes           | 4 5 6 8 10 11 13 14 15 | 15.0
Armour         | 3 5 7 9 11 13 | 13.4
Dodging        | 3 4 5 6 7 |  7.1
Stealth        | |  0.2

Action                     |  1- 3 |  4- 6 |  7- 9 | 10-12 || total
---------------------------+-------+-------+-------+-------++-------
  Melee: Hand axe          |    77 |   167 |   265 |   321 ||   830
         Headbutt          |    10 |    21 |    43 |    64 ||   138
         Punch             |       |     2 |     3 |     5 ||    10
 Invoke: Berserk           |       |     4 |     2 |     3 ||     9
         Brothers in Arms  |       |       |       |     1 ||     1
    Use: Scroll            |       |     2 |       |    13 ||    15
         Potion            |       |       |       |     1 ||     1
   Stab: Sleeping          |       |     1 |       |       ||     1
 Armour: Animal skin       |    11 |    21 |       |       ||    32
         Scale mail        |       |    25 |    99 |    99 ||   223
  Dodge: Dodged            |    46 |   106 |   148 |   153 ||   453

Table legend: (Time is in decaauts)
 A = Elapsed time spent in this place.
 B = Non-inter-level travel time spent in this place.
 C = Inter-level travel time spent in this place.
 D = Time resting spent in this place.
 E = Time spent auto-exploring this place.
 F = Levels seen in this place.
 G = Mean time per level.
                   A        B        C        D        E       F      G
               +--------+--------+--------+--------+--------+-----+--------+
         Total |  12587 |  12073 |    514 |   2212 |   8373 |  12 | 1048.9 |
       Dungeon |  12587 |  12073 |    514 |   2212 |   8373 |  12 | 1048.9 |
               +--------+--------+--------+--------+--------+-----+--------+

Top non-repeatable levels by time:
     D:9: 1743 daAuts
    D:10: 1678 daAuts
    D:11: 1378 daAuts
     D:3: 1288 daAuts
     D:8: 1161 daAuts
     D:4: 1056 daAuts
     D:7: 966 daAuts
     D:1: 879 daAuts
     D:6: 828 daAuts
     D:5: 682 daAuts
     D:2: 671 daAuts
    D:12: 250 daAuts
